AoeStats
← Lt_Jim_Dangle

QS Arena

503276397Analyzed
1v1 RM · 10d ago on Aug 30, 2026· 70m 25s· 2 players
Game mode
Random Map
Map size
Tiny (2 player)
Population
200
Speed
Normal
Resources
Standard
Victory
Conquest
Starting age
Dark Age
Ending age
Imperial Age
RankedLock teamsTeams togetherTeam positionsShared explorationLock speedFull tech treeHidden civsTurbo modeCheats
Victory
Defeat
🇨🇴 Burmese · Colombia
612
+15
🇺🇸 Slavs · United States
591
-27
Lt_Jim_Dangle
8:00 Feudal Age
9:09 Man-at-Arms
9:50 Double-Bit Axe
10:45 Stone Mining
17:06 Castle Age
16:01 Horse Collar
16:19 Gold Mining
16:23 Fletching
18:05 Long Swordsman
18:45 Squires
22:07 Bloodlines
27:50 Gold Shaft Mining
27:28 Bow Saw
27:21 Heavy Plow
29:23 Wheelbarrow
30:04 Detinets
34:15 Imperial Age
31:47 Light Cavalry
32:27 Husbandry
33:31 Bodkin Arrow
33:38 Scale Mail Armor
35:16 Conscription
35:17 Druzhina
35:58 Hand Cart
35:55 Masonry
36:23 Two-Handed Swordsman
37:47 Murder Holes
39:00 Champion
41:37 Pikeman
42:53 Hussar
47:46 Hoardings
48:19 Elite Boyar
50:46 Forging
50:52 Chain Mail Armor
50:43 Scale Barding Armor
51:01 Ballistics
55:51 Halberdier
57:08 Capped Ram
63:52 Two-Man Saw
63:25 Crop Rotation
62:36 Onager
64:39 Siege Onager
MzTm | jhesuafelipe
0:29 Loom
8:42 Feudal Age
15:17 Castle Age
14:22 Man-at-Arms
15:14 Horse Collar
17:16 Fervor
16:45 Long Swordsman
19:47 Gambesons
23:58 Pikeman
24:49 Heavy Plow
26:51 Squires
28:53 Wheelbarrow
29:05 Forging
28:56 Scale Mail Armor
33:41 Imperial Age
31:02 Town Watch
31:35 Hand Cart
32:38 Gold Mining
32:40 Stone Mining
33:34 Chain Mail Armor
33:55 Iron Casting
36:04 Chemistry
37:03 Fortified Wall
37:15 Ballistics
39:21 Two-Handed Swordsman
43:55 Halberdier
45:33 Champion
62:06 Blast Furnace
61:36 Plate Mail Armor
60:57 Fletching
62:39 Padded Archer Armor
63:01 Masonry
62:57 Siege Engineers
62:49 Murder Holes
Connection lost

Rejoining the realm…

Still unreachable

The connection could not be restored.

Session expired

The server has moved on; the page needs a fresh start.